 Dungeon Crawl Stone Soup version 0.21-a0-529-g8c7b3f5 (webtiles) character file.

1187 zero the Digger (level 8, -2/41 HPs)
             Began as a Gargoyle Earth Elementalist on Dec 9, 2017.
             Slain by a centaur (3 damage)
             ... on level 6 of the Dungeon.
             The game lasted 00:12:33 (5580 turns).

zero the Digger (Gargoyle Earth Elementalist)       Turns: 5580, Time: 00:12:34

Health: -2/41      AC: 11    Str: 12    XL:     8   Next: 43%
Magic:  18/23      EV: 12    Int: 18    God:
Gold:   219        SH:  0    Dex: 10    Spells: 3/16 levels left

rFire    . . .     SeeInvis .   i - +0 hand axe (venom)
rCold    . . .     Gourm    .   (no shield)
rNeg     + . .     Faith    .   c - +0 robe
rPois    ∞         Spirit   .   (no helmet)
rElec    +         Reflect  .   y - +2 cloak {rPois}
rCorr    .         Harm     .   I - +0 pair of gloves
MR       .....                  (no boots)
Stlth    ++........             (no amulet)
HPRegen  0.13/turn              n - ring of flight
MPRegen  0.18/turn              x - ring of magical power

@: no status effects
A: negative energy resistance 1, electricity resistance, unbreathing,
petrification resistance, rot immunity, AC +5
a: Evoke Flight


You were on level 6 of the Dungeon.
You were not hungry.

You visited 1 branch of the dungeon, and saw 6 of its levels.

You collected 238 gold pieces.
You spent 19 gold pieces at shops.

Inventory:

Hand Weapons
 i - a +0 hand axe of venom (weapon)
Missiles
 b - 37 stones
 t - 3 throwing nets (quivered)
Armour
 c - a +0 robe (worn)
 y - a +2 cloak of poison resistance (worn)
 I - a +0 pair of gloves (worn)
Jewellery
 n - a ring of flight (left hand)
 x - a ring of magical power (right hand)
Wands
 s - a wand of enslavement (2)
 F - a wand of disintegration (7)
Scrolls
 g - 3 scrolls of magic mapping {unknown}
 h - 6 scrolls of remove curse
 j - a scroll of fog {unknown}
 k - 6 scrolls of identify {unknown}
 o - a scroll of fear {unknown}
 p - a scroll of noise {unknown}
 u - a scroll of immolation {unknown}
 v - a scroll of teleportation {unknown}
 w - 2 scrolls of amnesia {unknown}
 z - 2 scrolls of enchant armour {unknown}
 B - 2 scrolls of enchant weapon {unknown}
Potions
 a - a potion of curing
 d - a potion of agility {unknown}
 l - a potion of lignification {unknown}
 m - 2 potions of brilliance
 q - 2 potions of invisibility {unknown}
 A - a potion of cancellation
 C - a potion of resistance {unknown}
 E - 2 potions of might {unknown}
 G - a potion of haste {unknown}
Books
 e - a book of Geomancy

   Spells                             Type                      Level
   a - Sandblast                      Earth                        1
   b - Passwall                       Transmutation/Earth          2
   c - Stone Arrow                    Conjuration/Earth            3
   d - Petrify                        Transmutation/Earth          4
   e - Lee's Rapid Deconstruction     Earth                        5
 f - a book of Maledictions

   Spells                             Type                      Level
   a - Corona                         Hexes                        1
   b - Ensorcelled Hibernation        Hexes/Ice                    2
   c - Confuse                        Hexes                        3
   d - Tukima's Dance                 Hexes                        3
   e - Dazzling Spray                 Conjuration/Hexes            3
Comestibles
 r - 4 bread rations
 D - 4 royal jellies
 H - 2 meat rations
 J - 6 chunks of flesh


   Skills:
 * Level 5.4 Axes
 - Level 1.5 Dodging
 - Level 2.1 Stealth
 + Level 4.6 Spellcasting
 + Level 3.2 Hexes
   Level 0.7 Transmutations
 + Level 6.6 Earth Magic


You had 3 spell levels left.
You knew the following spells:

 Your Spells              Type           Power        Failure   Level  Hunger
a - Sandblast             Erth           ####..       1%          1    None
b - Stone Arrow           Conj/Erth      ###...       11%         3    ###....
c - Corona                Hex            ###....      3%          1    None
d - Lee's Rapid Deconstr  Erth           ####......   26%         5    ######.
e - Confuse               Hex            ###.....     11%         3    ###....


Dungeon Overview and Level Annotations

Branches:
Dungeon (6/15)
 Temple: D:4-7

Altars:
Ashenzari
Elyvilon
Fedhas
Hepliaklqana
Qazlal
Xom
Yredelemnul
The Shining One

Shops:
D:5 *


Innate Abilities, Weirdness & Mutations

You are resistant to torment.
Your stone body is resilient. (AC +5)
You are immune to poison.
You resist negative energy. (rN+)
You are resistant to electric shocks. (rElec)
You can survive without breathing.
You are immune to petrification.
You are immune to rotting.


Message History

The centaur hits you but does no damage.
The orc warrior hits you with a halberd of pain.
* * * LOW HITPOINT WARNING * * *
The centaur hits you.
* * * LOW HITPOINT WARNING * * *
It was a potion of brilliance.
You feel clever all of a sudden. The centaur barely misses you.
The orc warrior barely misses you.
It was a potion of curing.
You feel better. The centaur hits you.
* * * LOW HITPOINT WARNING * * *
The orc warrior hits you with a halberd of pain.
* * * LOW HITPOINT WARNING * * *
The orc priest hits you but does no damage.
The centaur hits you but does no damage.
It was a potion of cancellation.
Your magical effects are unravelling.
You feel magically purged.
You feel a little less clever now. The centaur hits you.
You die...

#..........###....
........#.........
..................
................#
#.....#.........##
....o.............
#.................
#.......#oo..#....
.....##=#@##.# ...
........c(# .# ...
...#.##.### .#.. .
........####....
................
...#....<.......
...# ..
#.##....##... ...
#. #....# . .. .
.....#


You could see an orc warrior, a centaur and an orc priest.

Vanquished Creatures
  Eustachio (D:5)
  A phantom (D:4)
  An ogre (D:5)
  A centaur (D:5)
  2 scorpions (D:5)
  A jelly (D:5)
  A quasit (D:5)
  2 bullfrog skeletons
  2 hounds (D:4)
  An orc priest (D:4)
  Crazy Yiuf (D:3)
  Ijyb (D:3)
  5 worker ants
  An iguana (D:5)
  A hound zombie (D:4)
  A hound skeleton (D:5)
  3 gnolls (D:5)
  8 adders
  2 shadow imps (D:5)
  4 oozes
  4 worms
  4 dart slugs
  5 leopard geckos
  10 orcs
  6 giant cockroaches
  8 goblins
  6 hobgoblins
  9 jackals
  A quokka (D:3)
  2 ball pythons
  8 bats
  5 frilled lizards
  2 gnoll zombies (D:3)
  A goblin skeleton (D:5)
  A hobgoblin zombie (D:5)
  8 kobolds
  3 kobold skeletons (D:5)
  2 kobold zombies (D:5)
  An orc zombie (D:5)
  2 quokka skeletons
  7 rats
135 creatures vanquished.

Notes
Turn   | Place    | Note
-------+----------+-------------------------------------------
     0 | D:1      | zero the Gargoyle Earth Elementalist began the quest for the Orb.
     0 | D:1      | Reached XP level 1. HP: 10/10 MP: 3/3
     8 | D:1      | Noticed an electric eel
    80 | D:1      | Reached skill level 4 in Earth Magic
    80 | D:1      | Reached XP level 2. HP: 15/15 MP: 3/5
   461 | D:1      | Found a shattered altar of Ashenzari.
   514 | D:1      | Reached XP level 3. HP: 19/19 MP: 4/6
   606 | D:1      | Learned a level 3 spell: Stone Arrow
   638 | D:1      | Reached skill level 1 in Axes
  1200 | D:2      | Reached XP level 4. HP: 18/24 MP: 8/8
  2091 | D:3      | Learned a level 1 spell: Corona
  2641 | D:3      | Noticed Ijyb
  2655 | D:3      | Reached XP level 5. HP: 23/28 MP: 5/9
  2659 | D:3      | Killed Ijyb
  2731 | D:3      | Found a faded altar of an unknown god.
  2731 | D:3      | Found a faded altar of an unknown god.
  2736 | D:3      | Found a shimmering altar of Xom.
  2738 | D:3      | Found a white marble altar of Elyvilon.
  2740 | D:3      | Found a stormy altar of Qazlal.
  3102 | D:3      | Found a runed door.
  3155 | D:3      | Found a basalt altar of Yredelemnul.
  3268 | D:3      | Noticed Crazy Yiuf
  3278 | D:3      | Killed Crazy Yiuf
  3278 | D:3      | Reached skill level 1 in Hexes
  3278 | D:3      | Reached skill level 5 in Earth Magic
  3414 | D:4      | Reached XP level 6. HP: 31/32 MP: 7/10
  3477 | D:4      | Found a hazy altar of Hepliaklqana.
  3562 | D:4      | Found a blossoming altar of Fedhas.
  3632 | D:4      | Noticed a phantom
  3648 | D:4      | Killed a phantom
  3786 | D:4      | Reached XP level 7. HP: 30/36 MP: 12/12
  3837 | D:4      | Learned a level 5 spell: Lee's Rapid Deconstruction
  3841 | D:4      | Learned a level 3 spell: Confuse
  4156 | D:5      | Entered Level 5 of the Dungeon
  4562 | D:5      | Reached skill level 6 in Earth Magic
  4758 | D:5      | Found a glowing golden altar of the Shining One.
  4798 | D:5      | Reached XP level 8. HP: 32/41 MP: 12/14
  4908 | D:5      | Found Ehiosogh's General Store.
  4969 | D:5      | Noticed Eustachio
  4998 | D:5      | Killed Eustachio
  4998 | D:5      | Reached skill level 5 in Axes
  5106 | D:5      | Bought a cursed +0 pair of gloves for 19 gold pieces
  5577 | D:6      | HP: 2/41 [centaur (4)]
  5580 | D:6      | Slain by a centaur

Vault maps used:
D:1:      arrival_aquarium_a, serial_forest, infiniplex_forest_end_1,
          infiniplex_forest_lined_1, infiniplex_forest_straight_2,
          infiniplex_forest_corner_1, dk_noncrumbling_3, ashenzari_altar_1
D:2:      first_bread
D:3:      chequers_temple_overflow_minitemple, lemuel_zombie_altar_yredelemnul,
          uniq_crazy_yiuf_cottage, uniq_ijyb
D:4:      overflow_temple_1_default, minivault_23, fedhas_altar_2
D:5:      serial_shops, nicolae_shop_waterfront, nicolae_tso_besieged_by_evil,
          uniq_eustachio
D:6:      cheibrodos_helix_gallery, minmay_temple_entry_statues_fountains

Skill      XL: |  1  2  3  4  5  6  7  8 |
---------------+-------------------------+-----
Earth Magic    | 4 5 6 |  6.6
Axes           | 1 2 3 4 5 |  5.4
Spellcasting   | 3 4 |  4.6
Hexes          | 1 2 3 |  3.2
Dodging        | |  1.5
Stealth        | |  2.1
Transmutations | |  0.7

Action                   |  1- 3 |  4- 6 |  7- 9 || total
-------------------------+-------+-------+-------++-------
Melee: Dagger            |    23 |       |       ||    23
       Hand axe          |    73 |   184 |   135 ||   392
       Unarmed           |     2 |       |       ||     2
Throw: Throwing net      |       |       |     2 ||     2
 Cast: Sandblast         |     9 |    25 |    46 ||    80
       Corona            |       |     2 |       ||     2
  Use: Potion            |       |       |     3 ||     3
       Scroll            |       |       |     1 ||     1
 Stab: Sleeping          |     5 |     2 |     1 ||     8
       Distracted        |       |     1 |       ||     1
       Held in net/web   |       |       |     1 ||     1
  Eat: Bread ration      |     1 |       |       ||     1
       Chunk             |       |     3 |     5 ||     8
       Royal jelly       |       |     1 |     1 ||     2
Armor: Robe              |    45 |    63 |    90 ||   198
Dodge: Dodged            |    73 |   125 |   126 ||   324

Table legend:
 A = Spawn XP
 B = Non-spawn XP
 C = Spawn XP percentage of total XP
 D = Spawn monster count
 E = Non-spawn monster count
 F = Spawn count percentage of total count
 G = Total turns spent on level
                    A         B        C        D         E        F      G
               +---------+---------+-------+---------+---------+-------+---------
         Total |       0 |    1697 |   0.0 |       0 |     135 |   0.0 |  5580
               +---------+---------+-------+---------+---------+-------+---------
           D:1 |       0 |      54 |   0.0 |       0 |      26 |   0.0 |  1054
           D:2 |       0 |      39 |   0.0 |       0 |      19 |   0.0 |   661
           D:3 |       0 |     189 |   0.0 |       0 |      37 |   0.0 |  1675
           D:4 |       0 |     466 |   0.0 |       0 |      23 |   0.0 |   766
           D:5 |       0 |     906 |   0.0 |       0 |      28 |   0.0 |  1351
           D:6 |       0 |      43 |   0.0 |       0 |       2 |   0.0 |    73
               +---------+---------+-------+---------+---------+-------+---------
